 Dungeon Crawl Stone Soup version 0.27.0-1-g7a089689b8 (webtiles) character file.

Game seed: 15876898594967613189

102 nxtlvl the Slasher (level 4, -14/27 HPs)
             Began as a Deep Elf Monk on Aug 7, 2021.
             Killed by divine providence
             ... invoked by an orc priest
              (16 damage)
             ... on level 3 of the Dungeon.
             The game lasted 00:09:31 (1083 turns).

nxtlvl the Slasher (Deep Elf Monk)                  Turns: 1083, Time: 00:09:32

Health: -14/27     AC:  5    Str:  8    XL:     4   Next: 49%
Magic:  6/6        EV: 13    Int: 15    God:
Gold:   63         SH:  0    Dex: 18    Spells: 3/3 levels left

rFire    . . .     SeeInvis .   b - +2 dagger (venom)
rCold    . . .     Faith    .   (no shield)
rNeg     . . .     Spirit   .   c - +0 leather armour
rPois    .         Reflect  .   (no helmet)
rElec    .         Harm     .   (no cloak)
rCorr    .         Rampage  .   d - +0 pair of gloves
Will     .....                  e - +0 pair of boots
Stlth    ++........             (no amulet)
HPRegen  0.09/turn              (no ring)
MPRegen  0.10/turn              (no ring)

@: no status effects
A: no striking features
a: no special abilities


You were on level 3 of the Dungeon.
You visited 1 branch of the dungeon, and saw 4 of its levels.

You collected 63 gold pieces.

Inventory:

Hand Weapons
 a - a +0 falchion
 b - a +2 dagger of venom (weapon)
 j - a +0 arbalest
Missiles
 f - 16 sling bullets
Armour
 c - a +0 leather armour (worn)
 d - a +0 pair of gloves (worn)
 e - a +0 pair of boots (worn)
Scrolls
 h - a scroll of enchant armour {unknown}
 i - 2 scrolls of teleportation {unknown}
 k - a scroll of magic mapping {unknown}
 l - 2 scrolls of identify {unknown}
 m - a scroll of fog {unknown}
 n - a scroll of amnesia {unknown}
Potions
 g - a potion of heal wounds {unknown}


   Skills:
 - Level 2.4 Fighting
 * Level 4.9 Long Blades
 - Level 3.6 Dodging
 - Level 2.4 Stealth


You had 3 spell levels left.
You didn't know any spells.
Your spell library was empty.

Dungeon Overview and Level Annotations

Branches:
Dungeon (4/15)
 Temple: D:4-7

Altars:

Annotations:
D:1 exclusion: downstairs
D:2 Sigmund
D:4 Grinder


Message History

You hit the adder but do no damage.
The adder is heavily wounded.
The adder bites you but does no damage.
You barely miss the adder.
The adder is heavily wounded.
The adder closely misses you.
You miss the adder.
The adder is heavily wounded.
The adder bites you but does no damage.
You barely miss the adder.
The adder is severely wounded.
The adder closely misses you. The orc priest hits you with a +0 club.
You hit the orc priest but do no damage.
The orc priest is poisoned.
You kill the adder!
You hit the orc priest but do no damage.
The orc priest is lightly wounded.
The orc priest hits you with a +0 club.
You hit the orc priest.
The orc priest looks even sicker.
The orc priest is moderately wounded.
The orc priest barely misses you.
You hit the orc priest but do no damage.
The orc priest looks as sick as possible!
The orc priest is lightly wounded.
The orc priest closely misses you.
You hit the orc priest but do no damage.
The orc priest looks as sick as possible!
The orc priest is moderately wounded.
The orc priest calls down the wrath of Beogh upon you.
Pain shoots through your body!
* * * LOW HITPOINT WARNING * * *
Unknown command.
You hit the orc priest.
The orc priest looks as sick as possible!
The orc priest is moderately wounded.
The orc priest casts a cantrip, but nothing happens.
The orc priest calls down the wrath of Beogh upon you.
Beogh smites you!
Ouch! That really hurt!
You die...

#^..# # #...#
# #...# #
##.## #
#########†####
#
#g.....o)....#
#o######..##.#
#.# #........#
#@# #.##.....#
#......#
#.#...#
#.##.#.#
#....... #
#.#.#
#....g#.. #.#
# ......#...
... .. ...# ..
... ..#


You could see an orc priest (extremely poisoned) and a hobgoblin.

Vanquished Creatures
  A hound skeleton (D:3)
  4 adders
  2 dart slugs (D:1)
  2 orcs (D:3)
  4 endoplasms
  2 giant cockroaches
  2 goblins (D:2)
  4 hobgoblins
  3 jackals
  A quokka (D:2)
  6 ball pythons
  A ball python skeleton (D:3)
  A ball python zombie (D:3)
  5 bats
  4 kobolds
  6 rats
48 creatures vanquished.

Notes
Turn   | Place    | Note
-------+----------+-------------------------------------------
     0 | D:1      | nxtlvl the Deep Elf Monk began the quest for the Orb.
     0 | D:1      | Reached XP level 1. HP: 13/13 MP: 3/3
    41 | D:1      | Reached skill level 3 in Long Blades
   165 | D:1      | Reached XP level 2. HP: 9/18 MP: 4/4
   170 | D:2      | Noticed Sigmund
   460 | D:2      | Reached XP level 3. HP: 16/22 MP: 5/5
   560 | D:4      | Noticed Grinder
   587 | D:3      | Reached skill level 4 in Long Blades
   952 | D:3      | Reached XP level 4. HP: 19/27 MP: 6/6
  1083 | D:3      | Killed from afar by an orc priest

Illustrated notes

Levels and vault maps discovered:
D:1:      dpeg_arrival_stone_temple_mockup, layout_rooms
D:2:      layout_basic, kennysheep_generic_room_10, uniq_sigmund
D:3:      layout_loops_cross, serial_undead, serial_undead_b, serial_undead_f,
          serial_undead_a, serial_undead_b, serial_undead_a,
          chequers_serial_rivers_large_a
D:4:      layout_basic, mainiacjoe_overflow_alcove_4,
          cheibrodos_sewer_entry_sluice, enter_ossuary_4, serial_shops, shop,
          minmay_gold_behind_fungi, uniq_grinder

Skill      XL: |  1  2  3 |
---------------+----------+-----
Long Blades    | 3 4 |  4.9
Fighting       | |  2.4
Dodging        | |  3.6
Stealth        | |  2.4

Action                   |  1- 3 |  4- 6 || total
-------------------------+-------+-------++-------
Melee: Falchion          |    70 |       ||    70
       Dagger            |    49 |    34 ||    83
 Stab: Sleeping          |    11 |       ||    11
Armor: Leather armour    |    20 |     5 ||    25
Dodge: Dodged            |    91 |    18 ||   109
       Rpst.: Falchion   |    13 |       ||    13
